 Dungeon Crawl Stone Soup version 0.24.0-37-gcf1ca852f1 (webtiles) character file.

Game seed: 10701196657956848066, levelgen mode: deterministic

4608 Gruesph the Reanimator (level 10, -14/141 HPs)
             Began as a Deep Dwarf Necromancer on Nov 29, 2019.
             Was an Initiate of Makhleb.
             Demolished by Grum
             ... wielding a -1 glaive
              (20 damage)
             ... on level 8 of the Dungeon.
             The game lasted 00:50:09 (12202 turns).

Gruesph the Reanimator (Deep Dwarf Necromancer)    Turns: 12202, Time: 00:50:10

Health: -14/141    AC:  6    Str: 19    XL:     10   Next: 19%
Magic:  3/14       EV: 21    Int: 17    God:    Makhleb [......]
Gold:   474        SH:  0    Dex: 18    Spells: 8/17 levels left

rFire    . . .     SeeInvis .   a - +2 war axe (freeze)
rCold    . . .     Gourm    .   (no shield)
rNeg     . . .     Faith    .   y - +2 robe {MR+}
rPois    .         Spirit   .   (no helmet)
rElec    .         Reflect  .   q - +1 cloak
rCorr    .         Harm     .   (no gloves)
MR       ++...                  (no boots)
Stlth    ..........             (no amulet)
HPRegen  0.00/turn              (no ring)
MPRegen  0.14/turn              (no ring)

@: agile, berserking, non-regenerating, very quick
A: damage resistance, heal wounds, sense surroundings 2, no regeneration
a: Heal Wounds, Renounce Religion


You were on level 8 of the Dungeon.
You worshipped Makhleb.
Makhleb was noncommittal.
You were not hungry.

You visited 2 branches of the dungeon, and saw 9 of its levels.

You collected 474 gold pieces.

Inventory:

Hand Weapons
 a - a +2 war axe of freezing (weapon)
 b - a +1 hunting sling
 C - a +2 dagger of venom
Missiles
 l - 72 sling bullets
 n - 248 stones (quivered)
 D - a throwing net
Armour
 q - a +1 cloak (worn)
 y - a +2 robe of magic resistance (worn)
Wands
 d - a wand of acid (14)
 k - a wand of disintegration (1)
 o - a wand of flame (10)
 s - a wand of enslavement (14)
 E - a wand of clouds (4)
Scrolls
 g - 5 scrolls of fear
 i - 2 scrolls of identify
 j - 2 scrolls of teleportation
 m - 2 scrolls of enchant weapon
 r - 7 scrolls of remove curse
 t - 2 scrolls of enchant armour
 u - a scroll of fog
 z - a scroll of blinking {unknown}
 A - a scroll of amnesia {unknown}
 B - a scroll of magic mapping
Potions
 c - 5 potions of curing
 e - a potion of might
 h - 2 potions of mutation
 p - a potion of lignification
 w - a potion of agility
 x - 2 potions of flight
Comestibles
 f - 14 rations
 F - 4 chunks of flesh


   Skills:
 + Level 7.2 Fighting
 * Level 7.5 Axes
 - Level 4.6 Armour
 - Level 5.3 Dodging
 - Level 2.4 Stealth
 - Level 4.0 Spellcasting
 - Level 8.1 Necromancy
 + Level 4.6 Evocations


You had 8 spell levels left.
You knew the following spells:

 Your Spells              Type           Power        Failure   Level  Hunger
a - Pain                  Necr           ####         1%          1    None
b - Animate Skeleton      Necr           N/A          1%          1    None
c - Vampiric Draining     Necr           ####......   1%          3    ###....
d - Animate Dead          Necr           N/A          5%          4    ####...

Your spell library contained the following spells:

 Spells                   Type           Power        Failure   Level  Hunger
 Regeneration             Chrm/Necr      Unusable     N/A         3    N/A

Dungeon Overview and Level Annotations

Branches:
Dungeon (8/15)             Temple (1/1) D:7
   Lair: D:8-11

Altars:
Ashenzari
Cheibriados
Dithmenos
Fedhas
Gozag
Kikubaaqudgha
Makhleb
Nemelex Xobeh
Okawaru
Qazlal
Ru
Sif Muna
Trog
Vehumet
Wu Jian
Xom
Yredelemnul
The Shining One

Shops:
D:8 }

Annotations:
D:8 Grum


Innate Abilities, Weirdness & Mutations

You are resistant to damage.
You can heal yourself by infusing magical energy.
You passively map the area around you.
You do not regenerate.


Message History

* * * LOW HITPOINT WARNING * * *
Grum hits you from afar with a -1 glaive.
* * * LOW HITPOINT WARNING * * *
You hit the wolf. You freeze the wolf.
The wolf is moderately wounded.
The wolf misses you. The wolf closely misses you.
You slash the wolf! You freeze the wolf.
The wolf is almost dead.
Grum hits you from afar with a -1 glaive!
* * * LOW HITPOINT WARNING * * *
The wolf closely misses you.
You barely miss the wolf.
The wolf is almost dead.
The wolf misses you.
You barely miss the wolf.
The wolf is almost dead.
The wolf bites you!
* * * LOW HITPOINT WARNING * * *
Grum hits you from afar with a -1 glaive!!
You die...

* #.#
#..#(####.###.* *
#.# #....(........
* , #.#
#......##.###,* , ,
#.###.......#. * *
,
#.##..(...........#
*
#.###.......#.###..
* #..gh....)##.# *
*##h###...## # * ,*
*, ,, , #@##*##.##
* *
*,................
,
...()(#########.#*
, , * #...## * .#*
, ,* ... ,, , * #*
* * *, , .., * * *
*, * *, ( , , * * *
,, , * * * *


You could see Grum and 2 wolves.

Vanquished Creatures
  Grinder (D:4)
  Prince Ribbit (D:5)
  A hippogriff (D:7)
  Sigmund (D:3)
  A wyvern (D:8)
  2 hungry ghosts
  2 orc warriors (D:7)
  A black bear (D:8)
  2 hornet zombies
  An ice beast (D:7)
  A necrophage (D:5)
  7 ogres
  4 sky beasts
  A phantom (D:5)
  3 centaurs
  A wolf (D:8)
  Blork the orc (D:5)
  A bullfrog (D:7)
  A water moccasin zombie (D:6)
  2 scorpions
  2 killer bees (D:8)
  A howler monkey (D:5)
  A centaur zombie (D:6)
  A centaur skeleton (D:4)
  2 jellies
  A bullfrog skeleton (D:5)
  3 hounds
  2 iguanas (D:4)
  3 orc priests (D:6)
  Ijyb (D:5)
  Natasha (thrice) (D:4)
  9 orc wizards
  4 worker ants
  A hound zombie (D:6)
  4 gnolls (D:3)
  A howler monkey skeleton (D:6)
  7 adders
  4 shadow imps
  An ooze (D:1)
  An adder zombie (D:5)
  An adder skeleton (D:7)
  6 worms
  A dart slug (D:4)
  7 leopard geckos
  19 orcs
  2 ball pythons
  3 giant cockroaches
  12 hobgoblins
  13 jackals
  5 quokkas
  8 bats
  A frilled lizard (D:1)
  4 goblins
  6 kobolds
  10 rats
185 creatures vanquished.

Notes
Turn   | Place    | Note
-------+----------+-------------------------------------------
     0 | D:1      | Gruesph the Deep Dwarf Necromancer began the quest for the
                  | Orb.
     0 | D:1      | Reached XP level 1. HP: 15/15 MP: 3/3
     2 | D:1      | Learned a level 1 spell: Animate Skeleton
   296 | D:1      | Reached XP level 2. HP: 24/24 MP: 1/5
   446 | D:1      | Reached skill level 1 in Fighting
   664 | D:1      | Reached XP level 3. HP: 29/31 MP: 0/6
  1169 | D:2      | Learned a level 3 spell: Vampiric Draining
  1424 | D:2      | Reached skill level 5 in Necromancy
  1509 | D:1      | Reached XP level 4. HP: 33/39 MP: 1/7
  2001 | D:2      | Found a shimmering altar of Xom.
  2915 | D:3      | Reached XP level 5. HP: 44/45 MP: 0/9
  3018 | D:3      | Found a basalt altar of Yredelemnul.
  3166 | D:3      | Noticed Sigmund
  3942 | D:3      | Killed Sigmund
  3942 | D:3      | Reached XP level 6. HP: 50/56 MP: 9/11
  4153 | D:4      | Reached skill level 6 in Necromancy
  4234 | D:4      | Found an ancient bone altar of Kikubaaqudgha.
  4357 | D:4      | Found the +2 cloak of the Thief {+Fog Slay-2 SInv Stlth+}
  4519 | D:4      | Reached XP level 7. HP: 30/62 MP: 8/12
  4750 | D:4      | Learned a level 4 spell: Animate Dead
  4804 | D:4      | Noticed Natasha
  4809 | D:4      | Killed Natasha
  4878 | D:4      | Noticed Grinder
  4878 | D:4      | Paralysed by Grinder for 7 turns
  4888 | D:4      | Killed Grinder
  4888 | D:4      | Reached skill level 1 in Armour
  5236 | D:4      | Noticed Natasha
  5240 | D:4      | Killed Natasha
  5698 | D:4      | Noticed Natasha
  5707 | D:4      | Killed Natasha
  5938 | D:4      | Found an ancient bone altar of Kikubaaqudgha.
  6254 | D:5      | Entered Level 5 of the Dungeon
  6407 | D:5      | Reached skill level 7 in Necromancy
  6582 | D:5      | Reached XP level 8. HP: 45/72 MP: 14/14
  6712 | D:5      | Found an opulent altar of Gozag.
  6881 | D:5      | Got a sapphire rapier
  6892 | D:5      | Noticed Ijyb
  6899 | D:5      | Killed Ijyb
  7116 | D:5      | Paralysed by fainting for 9 turns
  7351 | D:4      | Reached skill level 5 in Fighting
  7595 | D:5      | Noticed Blork the orc
  7602 | D:5      | Killed Blork the orc
  7725 | D:5      | Noticed Prince Ribbit
  7732 | D:5      | Killed Prince Ribbit
  7732 | D:5      | Reached skill level 5 in Dodging
  7732 | D:5      | Reached skill level 8 in Necromancy
  7818 | D:5      | Found an opulent altar of Gozag.
  8598 | D:5      | Identified the cursed +1 rapier of Mutilation {flame, MR-
                  | Dex+6} (You found it on level 5 of the Dungeon)
  8661 | D:6      | Gained mutation: You passively map the area around you.
                  | [Deep Dwarf growth]
  8661 | D:6      | Reached XP level 9. HP: 54/81 MP: 15/15
  8668 | D:6      | Reached skill level 1 in Axes
  9496 | D:6      | Found a sparkling altar of Nemelex Xobeh.
 10026 | D:7      | Found a staircase to the Ecumenical Temple.
 10036 | D:7      | Reached skill level 5 in Axes
 10036 | D:7      | Reached skill level 1 in Evocations
 10042 | Temple   | Entered the Ecumenical Temple
 10331 | Temple   | Became a worshipper of Makhleb the Destroyer
 10603 | D:7      | HP: 3/85 [centaur/arrow (14)]
 10714 | D:7      | Found a shadowy altar of Dithmenos.
 11140 | D:7      | Found a sacrificial altar of Ru.
 11701 | D:7      | Reached XP level 10. HP: 65/92 MP: 1/14
 11841 | D:8      | Found Ephycroi's Gadget Emporium.
 12182 | D:8      | Noticed Grum
 12202 | D:8      | HP: 6/141 [wolf[Grum] (4)]
 12202 | D:8      | Demolished by Grum

Levels and vault maps discovered:
D:1:      dpeg_arrival_tiny_k, layout_basic, roderic_roman_lattice
D:2:      layout_loops_ring, nicolae_overflow_crystal_walls,
          serial_bayou_crossing
D:3:      layout_basic, first_ration, yredelemnul_altar_generic, uniq_sigmund
D:4:      layout_loops_corners, kennysheep_mini_moat, uniq_grinder, uniq_natasha
D:5:      layout_layer_cave, old_standard_altar, basic_altar,
          uniq_blork_the_orc, uniq_prince_ribbit1, uniq_ijyb
D:6:      layout_gridville, basic_altar, nicolae_ossuary_entry_ruins,
          minmay_starry_boxes
D:7:      layout_loops_ring, lemuel_round_altar,
          minmay_temple_entry_statues_pillars, grunt_ogre_cave,
          grunt_dithmenos_smoke
D:8:      layout_loops_ring, serial_shops, shop, trog_ov_bears_minmay,
          uniq_maurice, uniq_grum
Temple:   eino_narrow_crystal_temple

Skill      XL: |  1  2  3  4  5  6  7  8  9 10 |
---------------+-------------------------------+-----
Spellcasting   | 2 3 4 |  4.0
Fighting       | 1 2 3 4 5 6 7 |  7.2
Necromancy     | 5 6 7 8 |  8.1
Armour         | 2 4 |  4.6
Dodging        | 3 5 |  5.3
Axes           | 6 7 |  7.5
Evocations     | 3 4 |  4.6
Stealth        | |  2.4

Action                   |  1- 3 |  4- 6 |  7- 9 | 10-12 || total
-------------------------+-------+-------+-------+-------++-------
Melee: Club              |     5 |       |       |       ||     5
       Dagger            |    18 |    52 |     4 |       ||    74
       War axe           |       |       |    65 |    40 ||   105
 Fire: Hunting sling     |       |     8 |   102 |     3 ||   113
Throw: Stone             |       |     2 |     7 |     7 ||    16
 Cast: Pain              |    69 |    53 |    81 |     4 ||   207
       Animate Skeleton  |     4 |     4 |       |       ||     8
       Vampiric Draining |     2 |    26 |    88 |    16 ||   132
 Abil: Heal Wounds       |       |       |     3 |     1 ||     4
Evoke: Wand              |       |     3 |    24 |       ||    27
  Use: Scroll            |       |    10 |     7 |       ||    17
       Potion            |       |       |       |     2 ||     2
 Stab: Sleeping          |       |       |     3 |       ||     3
  Eat: Chunk             |     3 |     9 |    21 |     6 ||    39
       Ration            |       |     1 |     5 |       ||     6
Armor: Robe              |     3 |       |    64 |    13 ||    80
       Leather armour    |     4 |     1 |       |       ||     5
       Ring mail         |       |    14 |     2 |       ||    16
Dodge: Dodged            |    29 |    38 |   156 |    46 ||   269
